 Dungeon Crawl Stone Soup version 0.20-a0-828-gbdc6353 (webtiles) character file.

14 Laan the Cudgeler (level 2, -2/20 HPs)
             Began as a Minotaur Wanderer on Mar 6, 2017.
             Slain by a leopard gecko (4 damage)
             ... on level 1 of the Dungeon.
             The game lasted 00:01:44 (636 turns).

Laan the Cudgeler (Minotaur Wanderer)                Turns: 636, Time: 00:01:45

Health: -2/20      AC:  6    Str: 16    XL:     2   Next: 27%
Magic:  4/4        EV:  6    Int: 12    God:
Gold:   11         SH:  7    Dex:  6    Spells: 5/5 levels left

rFire    . . .     SeeInvis .   e - +0 club
rCold    . . .     Gourm    .   j - +0 scale mail
rNeg     . . .     Faith    .   a - +0 shield
rPois    .         Spirit   .   (helmet restricted)
rElec    .         Reflect  .   (no cloak)
rCorr    .         Harm     .   (no gloves)
MR       .....                  (no boots)
Stlth    ..........             i - amulet of magic regeneration
Regen    0.1/turn               (no ring)
MPRegen  0.2/turn               (no ring)

@: no status effects
A: retaliatory headbutt, horns 2
a: no special abilities


You were on level 1 of the Dungeon.
You were not hungry.

You visited 1 branch of the dungeon, and saw 1 of its levels.

You collected 11 gold pieces.

Inventory:

Hand Weapons
 e - a +0 club (weapon)
Armour
 a - a +0 shield (worn)
 j - a +0 scale mail (worn)
Jewellery
 i - an amulet of magic regeneration (around neck)
Scrolls
 c - a scroll of teleportation
 g - a scroll of remove curse {unknown}
Potions
 h - a potion of lignification {unknown}
 k - a potion of might {unknown}
Books
 b - the Catalogue of the Oath

   Spells                             Type                      Level
   a - Corona                         Hexes                        1
   b - Dazzling Spray                 Conjuration/Hexes            3
Comestibles
 d - a fruit
 f - a bread ration


   Skills:
 + Level 2.4 Maces & Flails
 - Level 1.0 Throwing
 - Level 1.2 Shields
 - Level 2.1 Spellcasting
   Level 1.0 Conjurations
   Level 1.3 Summonings
   Level 1.3 Ice Magic


You had 5 spell levels left.
You didn't know any spells.

Dungeon Overview and Level Annotations

Branches:
Dungeon (1/15)

Altars:


Innate Abilities, Weirdness & Mutations

You reflexively headbutt those who attack you in melee.
You have a pair of horns on your head.


Message History

You hit the leopard gecko.
The leopard gecko is severely wounded.
The leopard gecko bites you but does no damage.
You block the leopard gecko's attack.
Your shield and scale mail prevent you from hitting the leopard gecko.
The leopard gecko is severely wounded.
The leopard gecko bites you but does no damage.
You barely miss the leopard gecko.
The leopard gecko is heavily wounded.
The leopard gecko bites you but does no damage.
You block the leopard gecko's attack.
You completely miss the leopard gecko.
The leopard gecko is heavily wounded.
The leopard gecko hisses menacingly.
The leopard gecko bites you but does no damage.
You barely miss the leopard gecko.
The leopard gecko is heavily wounded.
The leopard gecko bites you but does no damage.
The leopard gecko bites you.
You die...

##.#..######## #.#
........## #.#
##.......## ### #.#
##.......#####.#####(###
#............#..†.....#
#.......#####.#####.#÷##
##.....## ### #....##
##....# ##########.###.#
##.#.# #...l@..##.# #.#
#.#.# #.#####.##.###.#
#.#. #.###....## #.#
##..#.## #.# ##.###.##
.#####.###.## ##.####
#..........## ##....
###########.## ##.####
##.###.##


You could see a leopard gecko.

Vanquished Creatures
  A leopard gecko (D:1)
  4 bats (D:1)
  A hobgoblin (D:1)
  3 kobolds (D:1)
  2 frilled lizards (D:1)
  A rat (D:1)
12 creatures vanquished.

Notes
Turn   | Place    | Note
-------+----------+-------------------------------------------
     0 | D:1      | Laan the Minotaur Wanderer began the quest for the Orb.
     0 | D:1      | Laan set off with: a +0 shield, the Catalogue of the Oath, a scroll of teleportation, a +0 robe, a +0 club, a bread ration
     0 | D:1      | Reached XP level 1. HP: 14/14 MP: 2/2
    39 | D:1      | Reached skill level 1 in Maces & Flails
   149 | D:1      | Reached XP level 2. HP: 6/20 MP: 4/4
   631 | D:1      | HP: 1/20 [leopard gecko (2)]
   636 | D:1      | Slain by a leopard gecko

Vault maps used:
D:1:      elethiomel_arrival_infinity_welcomes_careful_drivers

Skill      XL: |  1 |
---------------+----+-----
Maces & Flails | 2 |  2.4
Throwing       | |  1.0
Shields        | |  1.2
Spellcasting   | |  2.1
Conjurations   | |  1.0
Summonings     | |  1.3
Ice Magic      | |  1.3

Action                   || total
-------------------------++-------
Melee: Club              ||    63
       Headbutt          ||     8
Armor: Robe              ||    12
       Scale mail        ||    17
Dodge: Dodged            ||    24
Block: Shield            ||    23
